 Dungeon Crawl Stone Soup version 0.29.1-15-g9cfb28693d (webtiles) character file.

Game seed: 436654486936122748

592 booth the Chopper (level 7, -1/53 HPs)
             Began as a Demonspawn Gladiator on Feb 26, 2023.
             Slain by a gnoll bouda
             ... wielding a +0 whip
              (8 damage)
             ... on level 5 of the Dungeon on Feb 27, 2023.
             The game lasted 00:26:58 (5463 turns).

booth the Chopper (Demonspawn Gladiator)            Turns: 5463, Time: 00:26:59

Health: -1/53      AC:  4    Str: 17    XL:     7   Next: 16%
Magic:  7/7        EV: 13    Int:  9    God:
Gold:   208        SH:  4    Dex: 14    Spells: 6/6 levels left

rFire   . . .      SeeInvis .   a - +0 war axe
rCold   . . .      Faith    .   (no shield)
rNeg    . . .      Spirit   .   b - +0 leather armour
rPois   .          Reflect  .   (helmet restricted)
rElec   .          Harm     .   s - +0 cloak
rCorr   .          Rampage  .   (no gloves)
Will    .....                   (no boots)
Stlth   ++........              (no amulet)
HPRegen 0.17/turn               (no ring)
MPRegen 0.20/turn               (no ring)

@: hasted, very quick
A: antennae 2, large bone plates 1, magic regeneration
a: no special abilities


You were on level 5 of the Dungeon.
You visited 1 branch of the dungeon, and saw 5 of its levels.

You collected 208 gold pieces.

Inventory:

Hand Weapons
 a - a +0 war axe (weapon)
 h - a +0 whip of flaming
Missiles
 d - 3 throwing nets (quivered)
Armour
 b - a +0 leather armour (worn)
 f - a +0 ring mail
 r - the +1 chain mail of Dumasm {rPois Regen+}
   (You found it on level 2 of the Dungeon)

   rPois:     It protects you from poison.
   Regen:     It increases your rate of health regeneration.
 s - a +0 cloak (worn)
Jewellery
 n - a ring of ice
Wands
 m - a wand of paralysis (4)
Scrolls
 g - a scroll of fog
Potions
 j - a potion of berserk rage {unknown}
 k - a potion of lignification {unknown}
 l - a potion of invisibility {unknown}
 o - a potion of might
 q - a potion of mutation {unknown}


   Skills:
 + Level 3.6 Fighting
 + Level 5.0 Axes
 + Level 1.9 Throwing
 + Level 2.8 Armour
 + Level 3.9 Dodging
 + Level 1.5 Stealth
 + Level 0.6 Shields
 + Level 0.1 Evocations


You had 6 spell levels left.
You didn't know any spells.
Your spell library contained the following spells:

 Spells                   Type           Power      Damage    Failure   Level
 Ensorcelled Hibernation  Hex/Ice        0%         N/A       58%         2
 Passwall                 Tmut/Erth      0%         N/A       58%         2
 Swiftness                Air            0%         N/A       82%         3


Dungeon Overview and Level Annotations

Branches:
Dungeon (5/15)
 Temple: D:4-7

Altars:
Wu Jian

Shops:
D:1 (**!   D:2 =


Innate Abilities, Weirdness & Mutations

You have a pair of antennae on your head.
You are partially covered in large bone plates. (SH +4)
You regenerate magic rapidly.


Message History

Aim: a gnoll bouda, wielding a +0 whip and wearing a +0 leather armour (63% to hit)
You throw a javelin.
The javelin pierces through the gnoll bouda but does no damage.
The javelin closely misses the gnoll. x2
Aiming: Paralyse
Press: ? - help, Q - select action, (/) - cycle Shift-Dir - straight line, f/p - gnoll bouda
Aim: a gnoll bouda, wielding a +0 whip and wearing a +0 leather armour (chance to affect: 49%)
The gnoll bouda resists with some effort.
You hit the gnoll bouda.
The gnoll bouda is moderately wounded.
The gnoll bouda hits you with a +0 whip.
The gnoll barely misses you.
The gnoll bouda hits you with a +0 whip!
You barely miss the gnoll bouda.
The gnoll bouda is moderately wounded.
The gnoll hits you from afar with a +0 halberd!
The gnoll bouda gazes fiercely through you!
You feel your attacks grow feeble. The gnoll bouda barely misses you.
You hit the gnoll bouda but do no damage.
The gnoll bouda is moderately wounded.
The gnoll hits you from afar with a +0 halberd!
The gnoll bouda completely misses you.
The gnoll hits you from afar with a +0 halberd!
* * * LOW HITPOINT WARNING * * *
Aiming: Paralyse
Press: ? - help, Q - select action, (/) - cycle Shift-Dir - straight line, f/p - gnoll bouda
Aim: a gnoll bouda, wielding a +0 whip and wearing a +0 leather armour (moderately wounded, chance to affect: 49%)
The gnoll bouda resists with some effort.
The gnoll bouda completely misses you. The gnoll barely misses you.
Aiming: Paralyse
Press: ? - help, Q - select action, (/) - cycle Shift-Dir - straight line, f/p - gnoll bouda
Aim: a gnoll bouda, wielding a +0 whip and wearing a +0 leather armour (moderately wounded, chance to affect: 49%)
The gnoll bouda resists with some effort.
Your attacks no longer feel as feeble.
You block the gnoll bouda's attack. The gnoll misses you.
Okay, then.
You feel yourself speed up.
The gnoll bouda hits you with a +0 whip!
You die...

### .(. #..
#g# #g# #g#
#g# { #@###
#.#.######.
#..#.......
#)#.# #.#.#
#.#.#####
#.#.....#
#.#####<#
..# #.....#


You could see a gnoll bouda and 3 gnolls.

Vanquished Creatures
  Sigmund (D:3)
  A phantom (D:4)
  A scorpion (D:3)
  A necrophage (D:4)
  An orc wizard (D:4)
  5 gnolls
  8 adders
  2 worms (D:4)
  4 dart slugs
  7 orcs
  3 ball pythons
  7 endoplasms
  2 giant cockroaches
  5 goblins
  8 hobgoblins
  6 bats
  A frilled lizard (D:3)
  7 kobolds
  4 rats
74 creatures vanquished.

Vanquished Creatures (others)
  A plant (D:3)
1 creature vanquished.

Grand Total: 75 creatures vanquished

Notes
Turn   | Place    | Note
-------+----------+-------------------------------------------
     0 | D:1      | booth the Demonspawn Gladiator began the quest for the Orb.
     0 | D:1      | Reached XP level 1. HP: 16/16 MP: 1/1
   177 | D:1      | Found a faded altar of an unknown god.
   228 | D:1      | Found Udum Hol's Distillery.
   246 | D:1      | Gained mutation: You regenerate magic rapidly. [demonic
                  | ancestry]
   246 | D:1      | Reached XP level 2. HP: 21/22 MP: 2/2
   319 | D:1      | Reached skill level 3 in Axes
   330 | D:1      | Found Derab's Assorted Antiques.
   344 | D:1      | Found Kaobri's Antique Weapon Emporium.
   451 | D:1      | Found Oriryipe's General Store.
   950 | D:2      | Reached XP level 3. HP: 27/27 MP: 3/3
   996 | D:2      | Reached skill level 1 in Armour
  1759 | D:2      | Gained mutation: You are partially covered in large bone
                  | plates. (SH +4) [demonic ancestry]
  1759 | D:2      | Reached XP level 4. HP: 21/34 MP: 4/4
  1994 | D:2      | Found Ytho's Jewellery Shop.
  2166 | D:2      | Identified the +1 chain mail of Dumasm {rPois Regen+}
  2776 | D:3      | Noticed Sigmund
  2790 | D:3      | Killed Sigmund
  2791 | D:3      | Reached skill level 4 in Axes
  2791 | D:3      | Reached skill level 1 in Stealth
  2791 | D:3      | Reached XP level 5. HP: 41/41 MP: 5/5
  3067 | D:3      | Gained mutation: You have a pair of small antennae on your
                  | head. [demonic ancestry]
  3067 | D:3      | Reached XP level 6. HP: 39/47 MP: 6/6
  3349 | D:3      | Found an ornate altar of the Wu Jian Council.
  3358 | D:3      | Noticed a spectral centipede
  3358 | D:3      | Noticed a spectral black mamba
  3358 | D:3      | Noticed a spectral cane toad
  3451 | D:3      | HP: 2/47 [poisoned by a scorpion]
  4852 | D:4      | Gained mutation: You have a pair of antennae on your head.
                  | [demonic ancestry]
  4852 | D:4      | Reached XP level 7. HP: 33/52 MP: 7/7
  5089 | D:4      | Reached skill level 5 in Axes
  5321 | D:5      | Entered Level 5 of the Dungeon
  5463 | D:5      | Slain by a gnoll bouda

Illustrated notes

Levels and vault maps discovered:
D:1:      lightli_arrival_windingriver, layout_rooms,
          shapermc_ecumenical_altar_acropolis, serial_shops,
          nicolae_shop_waterfront, nicolae_lakefront_shop,
          nicolae_shop_hallway_stairs, nicolae_shop_behind_doors
D:2:      minmay_kobold_bridge, layout_basic, serial_rivers,
          chequers_serial_rivers_micro_d, chequers_serial_rivers_room_a,
          chequers_serial_rivers_large_b, chequers_serial_rivers_room_b,
          serial_shops, nicolae_lakefront_shop
D:3:      layout_basic, pdpol_wu_jian_five_deadly_venoms, elyvilon_altar_1,
          serial_bayou_pond_e, uniq_sigmund
D:4:      layout_rooms, amcnicky_mini_pool_small
D:5:      layout_loops_ring, serial_bayou, serial_bayou_crossing,
          serial_bayou_pond_b, serial_bayou_pond_d, serial_bayou_pond_e,
          st_stairs_6, uniq_blork_the_orc, uniq_pikel, uniq_eustachio,
          uniq_ijyb, uniq_grinder, uniq_menkaure

Skill      XL: |  1  2  3  4  5  6  7 |
---------------+----------------------+-----
Dodging        | 3 |  3.9
Axes           | 3 4 5 |  5.0
Armour         | 1 2 |  2.8
Fighting       | 3 |  3.6
Stealth        | 1 |  1.5
Throwing       | |  1.9
Shields        | |  0.6
Evocations     | |  0.1

Action                   |  1- 3 |  4- 6 |  7- 9 || total
-------------------------+-------+-------+-------++-------
Melee: War axe           |    97 |   168 |    27 ||   292
       Punch             |     1 |       |       ||     1
Throw: Javelin           |       |       |     1 ||     1
       Throwing net      |       |       |     1 ||     1
Evoke: Wand              |       |     1 |     3 ||     4
  Use: Potion            |     1 |     4 |     1 ||     6
       Scroll            |       |    10 |       ||    10
 Stab: Paralysed         |       |     2 |       ||     2
Armor: Leather armour    |    29 |    40 |     5 ||    74
Dodge: Dodged            |    63 |   104 |    16 ||   183
Block: Other             |       |    22 |     4 ||    26
